 Dungeon Crawl Stone Soup version 0.21.1-1-g345015f (webtiles) character file.

62 inc the Vexing (level 3, -3/14 HPs)
             Began as a Felid Enchanter on Feb 25, 2018.
             Slain by an adder (4 damage)
             ... on level 2 of the Dungeon.
             The game lasted 00:02:18 (1133 turns).

inc the Vexing (Felid Enchanter)                    Turns: 1133, Time: 00:02:19

Health: -3/14      AC:  1    Str:  4    XL:     3   Next: 85%
Magic:  1/7        EV: 18    Int: 17    God:
Gold:   79         SH:  0    Dex: 16    Spells: 3/6 levels left
                                        Lives:  0   Deaths: 0

rFire    . . .     SeeInvis +     - Unarmed
rCold    . . .     Gourm    .   (shield unavailable)
rNeg     . . .     Faith    .   (armour unavailable)
rPois    .         Spirit   .   (helmet unavailable)
rElec    .         Reflect  .   (cloak unavailable)
rCorr    .         Harm     .   (gloves unavailable)
MR       .....                  (boots unavailable)
Stlth    +++.......             (no amulet)
HPRegen  0.04/turn              (no ring)
MPRegen  0.10/turn              (no ring)

@: hasted, very quick
A: very small, no armour, no weapons or thrown items, stealth, claws 1, fangs 3,
see invisible, carnivore, speed 1, shaggy fur 1, slow metabolism 1, sharp paws
a: no special abilities


You were on level 2 of the Dungeon.
You were not hungry.

You visited 1 branch of the dungeon, and saw 2 of its levels.

You collected 79 gold pieces.

Inventory:

Scrolls
 c - a scroll of teleportation {unknown}
 h - 2 scrolls of remove curse {unknown}
 i - 3 scrolls of immolation {unknown}
Potions
 d - a potion of invisibility {unknown}
 f - a potion of degeneration {unknown}
 g - a potion of cancellation {unknown}
Books
 a - a book of Maledictions

   Spells                             Type                      Level
   a - Corona                         Hexes                        1
   b - Ensorcelled Hibernation        Hexes/Ice                    2
   c - Confuse                        Hexes                        3
   d - Tukima's Dance                 Hexes                        3
   e - Dazzling Spray                 Conjuration/Hexes            3
Comestibles
 b - 2 rations


   Skills:
 - Level 2.6 Dodging
 - Level 4.0 Stealth
 + Level 3.8 Unarmed Combat
 - Level 2.0 Spellcasting
 - Level 4.4 Hexes


You had 3 spell levels left.
You knew the following spells:

 Your Spells              Type           Power        Failure   Level  Hunger
a - Corona                Hex            ###....      3%          1    #......
b - Ensorcelled Hibernat  Hex/Ice        #.....       12%         2    ###....


Dungeon Overview and Level Annotations

Branches:
Dungeon (2/15)

Altars:


Innate Abilities, Weirdness & Mutations

You cannot wear armour.
You are incapable of wielding weapons or throwing items.
Your paws allow you to move quietly. (Stealth)
You have sharp claws.
You have razor-sharp teeth.
You have supernaturally acute eyesight. (SInv)
You are carnivorous and can eat meat at any time.
You cover ground quickly.
You are covered in fur. (AC +1)
You have a slow metabolism.
Your sharp claws are effective at attacking unaware monsters.


Message History

The adder looks drowsy...
The helpless adder fails to defend itself.
You claw the adder!
You kill the adder!
Casting: Ensorcelled Hibernation
Confirm with . or Enter, or press ? or * to list all spells.
You don't have enough magic to cast that spell.
You closely miss the adder. The adder bites you.
You scratch the adder. Your bite misses the adder.
The adder is heavily wounded.
The adder barely misses you. The adder misses you.
You miss the adder. You bite the adder.
The adder is severely wounded.
The adder misses you.
You barely miss the adder.
The adder is severely wounded.
The adder bites you.
* * * LOW HITPOINT WARNING * * *
It was a potion of haste.
You feel yourself speed up. The adder bites you.
You die...

#.....##...#
#........##.......
#.....##...#
#.##########......
#.....########.######
#...... #.....#
#..)....[.# #.#.###
#.....# #.........#
#...# #.....#
#.........# ##..#
#.....### #.........#
#..### #.......#
#.........# #.....
#.......# ####@######
#..### #####...# #S#
#..# #...######s####
#..# #####.....g...#
#.># #.........# #...
#.........# #.##
...........# #.#
##.........#
#.........#


You could see an adder, a giant cockroach and a hobgoblin.

Vanquished Creatures
  2 adders (D:2)
  5 dart slugs
  2 leopard geckos (D:1)
  2 giant cockroaches (D:1)
  6 goblins
  5 hobgoblins
  7 bats
  A kobold (D:1)
  2 rats
32 creatures vanquished.

Notes
Turn   | Place    | Note
-------+----------+-------------------------------------------
     0 | D:1      | inc the Felid Enchanter began the quest for the Orb.
     0 | D:1      | Reached XP level 1. HP: 7/7 MP: 4/4
     6 | D:1      | Noticed a komodo dragon
     6 | D:1      | Noticed a black bear
     6 | D:1      | Noticed an eight-headed hydra
     6 | D:1      | Noticed a hound
     6 | D:1      | Noticed a lindwurm
    93 | D:1      | Reached XP level 2. HP: 11/11 MP: 6/6
   307 | D:1      | Learned a level 2 spell: Ensorcelled Hibernation
   393 | D:1      | Reached XP level 3. HP: 13/14 MP: 7/7
  1133 | D:2      | Slain by an adder

Skill      XL: |  1  2 |
---------------+-------+-----
Unarmed Combat | 2 3 |  3.8
Dodging        | |  2.6
Stealth        | |  4.0
Spellcasting   | |  2.0
Hexes          | |  4.4

Action                   || total
-------------------------++-------
Melee: Unarmed           ||    81
       Bite              ||     5
       Punch             ||     1
 Cast: Corona            ||     1
       Ensorcelled Hiber ||     6
  Use: Potion            ||     1
 Stab: Sleeping          ||    17
       Distracted        ||     1
Armor: Skin              ||     7
Dodge: Dodged            ||    63
